badnik, neutral male scurrid Ranger }}}}}}}}}}}}}}}}}}}}}}}}}}}}}}}}}}}}}}}}}}}}}}}}}}}}}}}}}}}}}}}}}} -}}}}}}}}}}}}}}}}}}}}}}}}}}}}}}}}}}}}}}}}}}}}}}}}}}}}}}}}}}}}}}}} }}}}}}}}}}}}.....e*?}}}}}}}}}}}}}}}}......}}}}}}}}}}}}).}}}}}}} -}}}}}}}}..........}}}}}}}}}}}}}}..........}}}}}}}}}....}}}}}} |}}}}}}<.............}}}}}}t}..............}}}}}}}}....}}}}}} |}}}}}..................!..........%.....Ma.}}}}}}}}}..}}}}}} |}}}?................................o.....}}}}}}}}}}}}}}}}} |}}}......>.............................[...}}}}}}}}}}}}}}}} |}}}..'..q................h.................}}}}}}}}}}}}}}}} |}}}.....qq.................................}}}}}}}}}}}}}}}} |}}}................................Z.......}}}}}}}}}}}}}.}} +}}}...................s...........G......l.}}}}}}}}}}}}}..} |}}}....l..+......................q....(....}}}}}}}}}}}}}}}} |}}}}.....!......................@.........}}j}}}}}}}}}}}}}} |}}}}....*............h...[.....f..........}}}}}}}}}}}}}}}}} |}}}}}...N+.........}}}}}}}}..............}}}}}e.}}}}}}}}}}} |}}}}}}..........}}}}}}}}}}}}}}.....W...B}}}}}}....}}%}}}}}} |}}}}}}}}......}}}}}}}}}}}}}}}}}}......}}}}}}}}}..W...}}}}}} }}}}}}.. }}}}}} badnik the Tenderfoot Experience level: 1 Strength: 15 Dexterity: 9 Constitution: 14 Intelligence: 13 Wisdom: 14 Charisma: 8 Health: 0(14) Energy: 2(2) Def: 3 Gold: 97 Moves: 83 Dungeon seed: tM8wdceJnZg440ZR Game ID: badnik_1498611134 Your Inventory: Coins $ - 97 gold pieces Weapons b - 30 uncursed +2 darts c - 15 uncursed +0 darts Armor e - an uncursed +2 cloak of displacement (being worn) Comestibles d - 6 uncursed chestnuts Wands f - an uncursed wand of slow monster (0:3) g - an uncursed wand of magic missile (0:5) Spells and supernatural/magical abilities: Name Level Category Fail Memory W - pray for help -- divine ? -- Your skills at the end: Miscellaneous Skills wands [Basic] Weapon Skills dart [Basic] Spellcasting Skills Final Attributes: You were devoutly aligned. You had automatic searching. You had infravision. You were displaced. You were very stealthy. You are dead. Voluntary challenges: You went without food. You did not adorn yourself with jewelry or accessories. You did not cause conflict. You were not invisible. You did not have reflection. You were an atheist. You never hit with a wielded weapon. You were a pacifist. You did not use tools. You did not use plumbed fixtures. You did not drink any magical draughts. You were illiterate. You never genocided any monsters. You never polymorphed an object. You never changed form. You used no wishes. You never split a pudding. You never wrote Elbereth's name. You never violated your personal moral code. Dungeon overview: The Dungeons of Doom: levels 1 to 14 Level 1 a long staircase Level 2 Level 3 Level 4 Level 5 Level 6 Level 7 Level 8 Level 9 Level 10 Level 11 Level 12 Level 13 Level 14 <- You were here History has recorded: On T:1 you entered the Dungeons of Doom to retrieve the Amulet of Yendor! On T:12 you reached level 2 of The Dungeons of Doom. On T:18 you reached level 3 of The Dungeons of Doom. On T:24 you reached level 4 of The Dungeons of Doom. On T:28 you reached level 5 of The Dungeons of Doom. On T:39 you reached level 6 of The Dungeons of Doom. On T:41 you reached level 7 of The Dungeons of Doom. On T:45 you reached level 8 of The Dungeons of Doom. On T:49 you reached level 9 of The Dungeons of Doom. On T:52 you reached level 10 of The Dungeons of Doom. On T:65 you reached level 11 of The Dungeons of Doom. On T:70 you reached level 12 of The Dungeons of Doom. On T:76 you reached level 13 of The Dungeons of Doom. On T:82 you reached level 14 of The Dungeons of Doom. Score breakdown: Gold: 97 ( 9 points) Experience: 1 level ( 0 points) Exploration: 14 levels ( 390 points) Discoveries: 1 item ( 50 points) Variety of kills: 0 monsters ( 0 points) Major goal: (nothing yet) ( 0 points) Survival: died (score multiplied by 3) Total score: 1347 Latest messages: You couldn't quite make out that last message. You start digging downward. (2x) You continue digging downward. You dig a pit in the floor. You are still in a pit. You crawl to the edge of the pit. You go down into the pit. You continue digging downward. You dig a hole through the floor. You fall through... That command is only available in debug mode. You have no ammunition readied! You don't have that object. Never mind. Never mind. You attack thin air. The leocrotta claws you! The leocrotta bites! You die... Final status: Goodbye badnik the Ranger, killed by a leocrotta... You died in The Dungeons of Doom on dungeon level 14 with 1347 points, and 97 pieces of gold, after 83 moves. You were level 1 with a maximum of 14 hit points when you died.